3A
BELLEVILLE BULLS @ GALESBURG GUZZLERS
07/28/2027
 
TOP OF THE 1ST
Belleville Bulls batting - Pitching for Galesburg Guzzlers : RHP Nassim El-Badwi
Pitching: RHP Nassim El-Badwi
Batting: RHB Vicente Mena 0-0: Swinging Strike
0-1: SINGLE (Line Drive, 56D)
Batting: LHB José Gómez 0-0: Called Strike
0-1: Ball
1-1: Called Strike
1-2: Strikes out swinging
Batting: LHB Ken Stroud 0-0: Ball
1-0: Ground out 4-3 (Groundball, 4S)
Vicente Mena to second
Batting: RHB Mike Jennings 0-0: Fly out, F6 (Popup, 6MD)
Top of the 1st over - 0 run(s), 1 hit(s), 0 error(s), 1 left on base; Belleville 0 - Galesburg 0
BOTTOM OF THE 1ST
Galesburg Guzzlers batting - Pitching for Belleville Bulls : RHP Héctor Aguilar
Pitching: RHP Héctor Aguilar
Batting: RHB Eun-bum Kim 0-0: Swinging Strike
0-1: Ball
1-1: Foul Ball, location: 2F
1-2: Fly out, F8 (Line Drive, 8LS)
Batting: RHB Sébastien Bernard 0-0: Foul Ball, location: 2F
0-1: Ball
1-1: Ball
2-1: Ball
3-1: Ground out 6-3 (Groundball, 6)
Batting: RHB Toussiant L'Ouverture 0-0: Fly out, F9 (Flyball, 9LM)
Bottom of the 1st over - 0 run(s), 0 hit(s), 0 error(s), 0 left on base; Belleville 0 - Galesburg 0
TOP OF THE 2ND
Belleville Bulls batting - Pitching for Galesburg Guzzlers : RHP Nassim El-Badwi
Batting: RHB Ron Bernard 0-0: Called Strike
0-1: Ball
1-1: Foul Ball, location: 2F
1-2: Ball
2-2: Ball
3-2: Strikes out looking
Batting: RHB Alejandro Serrato 0-0: SINGLE (Groundball, 4MD)
Batting: RHB Ramón Padrón 0-0: Ball
1-0: Ball
2-0: Fly out, F6 (Line Drive, 6)
Batting: RHB Dean Summers 0-0: Called Strike
0-1: Ball
1-1: Ball
2-1: Swinging Strike
2-2: Ball
3-2: Strikes out looking
Top of the 2nd over - 0 run(s), 1 hit(s), 0 error(s), 1 left on base; Belleville 0 - Galesburg 0
BOTTOM OF THE 2ND
Galesburg Guzzlers batting - Pitching for Belleville Bulls : RHP Héctor Aguilar
Batting: RHB Fletcher Megarity 0-0: Ball
1-0: Foul Ball, location: 2F
1-1: Swinging Strike
1-2: Strikes out swinging
Batting: RHB Mike Mays 0-0: Ball
1-0: Called Strike
1-1: Ball
2-1: Called Strike
2-2: Fly out, F8 (Line Drive, 8LXD)
Batting: RHB Jack Cantrell 0-0: Ball
1-0: Ground out 4-3 (Groundball, 4)
Bottom of the 2nd over - 0 run(s), 0 hit(s), 0 error(s), 0 left on base; Belleville 0 - Galesburg 0
TOP OF THE 3RD
Belleville Bulls batting - Pitching for Galesburg Guzzlers : RHP Nassim El-Badwi
Batting: LHB Alan Shaw 0-0: Called Strike
0-1: Swinging Strike
0-2: Ball
1-2: Ball
2-2: Ball
3-2: Foul Ball, location: 2F
3-2: SOLO HOME RUN (Flyball, 9LD), Distance : 353 ft
Batting: RHB Vicente Mena 0-0: Ball
1-0: Called Strike
1-1: Foul Ball, location: 2F
1-2: Ball
2-2: Ball
3-2: Foul Ball, location: 2F
3-2: Foul Ball, location: 2F
3-2: Base on Balls
Batting: LHB José Gómez 0-0: Ball
Vicente Mena steals 2nd base
1-0: Ground out U3 (Groundball, 3)
Vicente Mena to third
Batting: LHB Ken Stroud 0-0: Ball
1-0: Hit by Pitch
Batting: RHB Mike Jennings 0-0: Called Strike
0-1: Ball
1-1: Ball
2-1: Swinging Strike
2-2: Fly out, F8 (Flyball, 8RD)
Runner from 3rd tags up, SCORES, no throw
Batting: RHB Ron Bernard 0-0: Ball
1-0: SINGLE (Line Drive, 56D)
Ken Stroud to second
Batting: RHB Alejandro Serrato 0-0: Fielders Choice at 2nd, 6-4 (Groundball, 6)
Top of the 3rd over - 2 run(s), 2 hit(s), 0 error(s), 1 left on base; Belleville 2 - Galesburg 0
BOTTOM OF THE 3RD
Galesburg Guzzlers batting - Pitching for Belleville Bulls : RHP Héctor Aguilar
Batting: RHB José Alfaro 0-0: Called Strike
0-1: Ball
1-1: Foul Ball, location: 2F
1-2: SINGLE (Groundball, 6MD)
Batting: RHB Jorge Velázquez 0-0: Ball
1-0: Ball
2-0: Grounds into double play, 5-4-3 (Groundball, 5)
Batting: LHB Marshall Willis 0-0: Foul Ball, location: 2F
0-1: Called Strike
0-2: Ball
1-2: Ball
2-2: Strikes out swinging
Bottom of the 3rd over - 0 run(s), 1 hit(s), 0 error(s), 0 left on base; Belleville 2 - Galesburg 0
TOP OF THE 4TH
Belleville Bulls batting - Pitching for Galesburg Guzzlers : RHP Nassim El-Badwi
Batting: RHB Ramón Padrón 0-0: Swinging Strike
0-1: Swinging Strike
0-2: Ball
1-2: Foul Ball, location: 2F
1-2: Ball
2-2: Foul Ball, location: 2F
2-2: Ball
3-2: Foul Ball, location: 2F
3-2: Ground out 1-3 (Groundball, 13S)
Batting: RHB Dean Summers 0-0: Called Strike
0-1: Fly out, F8 (Flyball, 8LM)
Batting: LHB Alan Shaw 0-0: Swinging Strike
0-1: Ball
1-1: Swinging Strike
1-2: Strikes out swinging
Top of the 4th over - 0 run(s), 0 hit(s), 0 error(s), 0 left on base; Belleville 2 - Galesburg 0
BOTTOM OF THE 4TH
Galesburg Guzzlers batting - Pitching for Belleville Bulls : RHP Héctor Aguilar
Batting: RHB Eun-bum Kim 0-0: Called Strike
0-1: Called Strike
0-2: Ball
1-2: Strikes out swinging
Batting: RHB Sébastien Bernard 0-0: SINGLE (Line Drive, 6M)
Batting: RHB Toussiant L'Ouverture 0-0: Ball
Sébastien Bernard steals 2nd base
1-0: Ball
2-0: Called Strike
2-1: Ball
3-1: Ground out 5-3 (Groundball, 56)
Batting: RHB Fletcher Megarity 0-0: Ball
1-0: SINGLE (Groundball, 4MD)
Sébastien Bernard to third
Runner from 3rd tries for Home, SAFE, no throw
Batting: RHB Mike Mays 0-0: Foul Ball, location: 2F
0-1: Ball
1-1: Foul Ball, location: 2F
1-2: Ball
2-2: Strikes out swinging
Bottom of the 4th over - 1 run(s), 2 hit(s), 0 error(s), 1 left on base; Belleville 2 - Galesburg 1
TOP OF THE 5TH
Belleville Bulls batting - Pitching for Galesburg Guzzlers : RHP Nassim El-Badwi
Batting: RHB Vicente Mena 0-0: Ball
1-0: Fly out, F8 (Flyball, 8LM)
Batting: LHB José Gómez 0-0: Called Strike
0-1: Fly out, F7 (Flyball, 7S)
Batting: LHB Ken Stroud 0-0: Fly out, F7 (Flyball, 7)
Top of the 5th over - 0 run(s), 0 hit(s), 0 error(s), 0 left on base; Belleville 2 - Galesburg 1
BOTTOM OF THE 5TH
Galesburg Guzzlers batting - Pitching for Belleville Bulls : RHP Héctor Aguilar
Batting: RHB Jack Cantrell 0-0: Called Strike
0-1: Foul Ball, location: 2F
0-2: Ball
1-2: Foul Ball, location: 2F
1-2: Strikes out swinging
Batting: RHB José Alfaro 0-0: Ball
1-0: Ball
2-0: Ground out 4-3 (Groundball, 4M)
Batting: RHB Jorge Velázquez 0-0: Ball
1-0: Swinging Strike
1-1: Swinging Strike
1-2: Ball
2-2: Strikes out swinging
Bottom of the 5th over - 0 run(s), 0 hit(s), 0 error(s), 0 left on base; Belleville 2 - Galesburg 1
TOP OF THE 6TH
Belleville Bulls batting - Pitching for Galesburg Guzzlers : RHP Nassim El-Badwi
Batting: RHB Mike Jennings 0-0: Called Strike
0-1: Ball
1-1: Ball
2-1: Called Strike
2-2: Foul Ball, location: 2F
2-2: Foul Ball, location: 2F
2-2: Foul Ball, location: 2F
2-2: Foul Ball, location: 2F
2-2: Ball
3-2: Foul Ball, location: 2F
3-2: Base on Balls
Batting: RHB Ron Bernard 0-0: Ball
1-0: Ball
2-0: Grounds into double play, 6-4-3 (Groundball, 6)
Batting: RHB Alejandro Serrato 0-0: Ball
1-0: Ball
2-0: Swinging Strike
2-1: Swinging Strike
2-2: Strikes out swinging
Top of the 6th over - 0 run(s), 0 hit(s), 0 error(s), 0 left on base; Belleville 2 - Galesburg 1
BOTTOM OF THE 6TH
Galesburg Guzzlers batting - Pitching for Belleville Bulls : RHP Héctor Aguilar
Batting: LHB Marshall Willis 0-0: Called Strike
0-1: Fly out, F7 (Flyball, 78M)
Batting: RHB Eun-bum Kim 0-0: Called Strike
0-1: Ball
1-1: Foul Ball, location: 2F
1-2: Foul Ball, location: 2F
1-2: Strikes out looking
Batting: RHB Sébastien Bernard 0-0: Ball
1-0: Called Strike
1-1: Ball
2-1: Foul Ball, location: 2F
2-2: Strikes out swinging
Bottom of the 6th over - 0 run(s), 0 hit(s), 0 error(s), 0 left on base; Belleville 2 - Galesburg 1
TOP OF THE 7TH
Belleville Bulls batting - Pitching for Galesburg Guzzlers : RHP Nassim El-Badwi
Batting: RHB Ramón Padrón 0-0: Swinging Strike
0-1: Ball
1-1: Called Strike
1-2: Strikes out swinging
Batting: RHB Dean Summers 0-0: Ground out 3-1 (Groundball, 23)
Batting: LHB Alan Shaw 0-0: Ball
1-0: Ground out 3-1 (Groundball, 34)
Top of the 7th over - 0 run(s), 0 hit(s), 0 error(s), 0 left on base; Belleville 2 - Galesburg 1
BOTTOM OF THE 7TH
Galesburg Guzzlers batting - Pitching for Belleville Bulls : RHP Héctor Aguilar
Batting: RHB Toussiant L'Ouverture 0-0: Ball
1-0: Ball
2-0: Foul Ball, location: 2F
2-1: Ball
3-1: Base on Balls
Pinch Hitting: LHB Armando Rodríguez 0-0: Foul Ball, location: 2F
0-1: Foul Ball, location: 2F
0-2: Strikes out swinging
Pinch Hitting: RHB Jim Unknown 0-0: SINGLE (Groundball, 56D)
Toussiant L'Ouverture to second
Batting: RHB Jack Cantrell 0-0: Ball
1-0: Foul Ball, location: 2F
1-1: Foul Ball, location: 2F
1-2: Ball
2-2: Foul Ball, location: 2F
2-2: Foul Ball, location: 2F
2-2: DOUBLE (Flyball, 9D)
Toussiant L'Ouverture scores
Jim Unknown to third
Pinch Hitting: RHB Jim Unknown 0-0: Intentional Walk
Pinch Hitting: LHB Paolo van Ginderen 0-0: Ball
1-0: Foul Ball, location: 2F
1-1: SINGLE (Groundball, 6MD)
Jim Unknown scores
Jack Cantrell to third
Jim Unknown to second
Runner from 3rd tries for Home, SAFE, throw made home
Jim Unknown to third
Paolo van Ginderen to second
Pinch Hitting: RHB Jim Unknown 0-0: Fly out, F8 (Line Drive, 8LM)
Runner from 3rd tags up, SCORES, throw made
Batting: RHB Eun-bum Kim 0-0: Called Strike
0-1: Called Strike
0-2: Foul Ball, location: 2F
0-2: Ball
1-2: Fly out, F7 (Line Drive, 7S)
Bottom of the 7th over - 4 run(s), 3 hit(s), 0 error(s), 1 left on base; Belleville 2 - Galesburg 5
TOP OF THE 8TH
Belleville Bulls batting - Pitching for Galesburg Guzzlers : RHP Nassim El-Badwi
Now at 2B: Paolo van Ginderen
Now at 3B: Jim Unknown
Now at SS: Barrett Drury
Now in LF: Armando Rodríguez
Now in RF: Robby Amesquita
Batting: RHB Vicente Mena 0-0: Called Strike
0-1: Ball
1-1: Ball
2-1: SINGLE (Line Drive, 6D)
Batting: LHB José Gómez 0-0: Called Strike
0-1: Ball
1-1: Ball
2-1: Swinging Strike
2-2: Fly out, F6 (Line Drive, 6)
Batting: LHB Ken Stroud 0-0: Ball
1-0: Foul Ball, location: 2F
1-1: Ball
2-1: Ball
3-1: Foul Ball, location: 2F
Pickoff Throw to First - Error! E1
Vicente Mena to second
3-2: Base on Balls
Pitching: RHP Geoff Stackhouse
Batting: RHB Mike Jennings 0-0: Called Strike
0-1: Called Strike
0-2: Ball
1-2: Strikes out swinging
Pitching: RHP Victor de Meij
Batting: RHB Ron Bernard 0-0: Fly out, F7 (Flyball, 78S)
Top of the 8th over - 0 run(s), 1 hit(s), 1 error(s), 2 left on base; Belleville 2 - Galesburg 5
BOTTOM OF THE 8TH
Galesburg Guzzlers batting - Pitching for Belleville Bulls : RHP Héctor Aguilar
Pitching: RHP Shackleford Stanwick
Batting: RHB Sébastien Bernard 0-0: Called Strike
0-1: Ball
1-1: Ground out 6-3 (Groundball, 6)
Batting: RHB Toussiant L'Ouverture 0-0: Ball
1-0: Ball
2-0: Ball
3-0: Called Strike
3-1: Base on Balls
Batting: LHB Armando Rodríguez 0-0: Ball
1-0: Ball
2-0: Called Strike
2-1: Foul Ball, location: 2F
2-2: Ball
3-2: Foul Ball, location: 2F
3-2: Ground out 3-1 (Groundball, 34S)
Toussiant L'Ouverture to second
Batting: RHB Barrett Drury 0-0: Foul Ball, location: 2F
0-1: Foul Ball, location: 2F
0-2: Ball
1-2: Ball
2-2: Ball
3-2: Strikes out swinging
Bottom of the 8th over - 0 run(s), 0 hit(s), 0 error(s), 1 left on base; Belleville 2 - Galesburg 5
TOP OF THE 9TH
Belleville Bulls batting - Pitching for Galesburg Guzzlers : RHP Victor de Meij
Pitching: LHP Mike McKay
Batting: RHB Alejandro Serrato 0-0: Foul Ball, location: 2F
0-1: Swinging Strike
0-2: Strikes out swinging
Batting: RHB Ramón Padrón 0-0: Called Strike
0-1: Ball
1-1: Called Strike
1-2: Strikes out looking
Batting: RHB Dean Summers 0-0: Called Strike
0-1: Ball
1-1: Foul Ball, location: 2F
1-2: Ball
2-2: Foul Ball, location: 2F
2-2: Strikes out looking
Top of the 9th over - 0 run(s), 0 hit(s), 0 error(s), 0 left on base; Belleville 2 - Galesburg 5
Saturday, May 26th, 2018 - OOTP Baseball 17.12 Build 75